Map: Givre EC

Players

Darkside

  • Race: Terran Terran
  • League: Gold
  • Spawn Location: 7:00

zidar - Winner!

  • Race: Zerg Zerg
  • League: Platinum
  • Spawn Location: 5:00

VOD

Have the link to the VOD?

Description

Time

  • Played on: Oct. 12, 2016, 8:52 a.m.
  • Length: 29:55
Show
View Real Time Build Order
Export as new Build Order

Darkside Terran 

Build Orders:  

Get SALT Encoding   

  12  0:02  SCV  
  13  0:16  Supply Depot  
  13  0:18  SCV  
  14  0:26  Refinery  
  14  0:31  SCV  
  15  0:43  SCV  
  15  0:47  Barracks  
  16  0:59  SCV  
  17  1:09  Supply Depot  
  17  1:12  SCV  
  18  1:25  SCV  
  19  1:39  Factory  
  19  1:40  Orbital Command  
  19  1:48  Barracks Reactor  
  19  2:07  SCV  
  20  2:25  Marine x2  
  22  2:35  Command Center, Hellion  
  24  2:38  SCV  
  25  2:56  Hellion  
  27  3:03  Marine x2  
  29  3:13  SCV  
  29  3:18  Refinery, Command Center  
  30  3:24  Supply Depot  
  30  3:30  Marine  
  31  3:45  Marine, SCV  
  31  3:48  Marine  
  33  3:53  Orbital Command  
  36  3:57  Widow Mine, SCV  
  36  3:58  Refinery  
  36  4:00  Engineering Bay  
  37  4:03  Marine  
  37  4:21  Bunker  
  39  4:24  SCV  
  39  4:26  Marine, Widow Mine  
  39  4:27  Bunker  
  41  4:35  Orbital Command  
  41  4:36  SCV  
  42  4:45  Starport  
  42  4:49  SCV  
  42  4:50  Factory Tech Lab  
  43  4:56  Missile Turret, SCV  
  44  5:01  SCV  
  45  5:07  Starport  
  45  5:13  SCV  
  46  5:15  Siege Tank  
  49  5:23  Refinery  
  49  5:34  Starport Tech Lab  
  49  5:35  Starport  
  49  5:37  SCV x2  
  49  5:39  SCV  
  52  5:47  Siege Tank, Starport Tech Lab  
  52  5:49  SCV x2  
  57  5:51  SCV  
  58  6:01  SCV  
  59  6:04  Missile Turret  
  59  6:09  Supply Depot  
  59  6:12  Missile Turret  
  59  6:20  Cloaking Field  
  59  6:24  Banshee  
  59  6:25  Banshee  
  65  6:28  Starport Tech Lab  
  65  6:29  Supply Depot  
  65  6:36  SCV x3  
  68  6:41  Supply Depot  
  67  6:48  SCV x2, Banshee  
  72  6:55  Missile Turret, Supply Depot  
  72  7:04  Siege Tank  
  72  7:06  Banshee, Supply Depot  
  78  7:13  Missile Turret  
  78  7:18  Missile Turret, Banshee  
  78  7:22  SCV x2  
  83  7:27  Supply Depot  
  83  7:31  Banshee  
  83  7:32  Supply Depot  
  83  7:34  Supply Depot  
  83  7:36  Siege Tank  
  89  7:45  Supply Depot  
  87  8:03  Banshee x2  
  91  8:12  Missile Turret  
  91  8:13  Banshee  
  94  8:27  Marine x2  
  94  8:29  Liberator  
  94  8:33  Missile Turret  
  98  8:36  Widow Mine  
  98  8:45  Marine x2  
  103  8:58  Barracks  
  103  9:00  Barracks  
  103  9:02  Barracks  
  105  9:03  Marine, Barracks  
  105  9:05  Barracks, Widow Mine  
  106  9:19  Marine  
  106  9:21  Marine, Raven x2  
  112  9:30  Liberator  
  114  9:34  Widow Mine  
  114  9:37  Marine  
  112  9:39  Marine  
  113  9:47  Liberator x2  
  113  9:52  Missile Turret  
  116  9:53  Missile Turret  
  116  9:54  Marine  
  116  9:56  Marine, Missile Turret x2  
  120  10:02  Widow Mine  
  126  10:12  Marine  
  127  10:14  Marine  
  130  10:31  Widow Mine  
  130  10:35  Marine x2  
  120  10:45  Command Center  
  120  10:48  Missile Turret  
  120  10:53  Marine x2, Missile Turret  
  120  10:56  Barracks Tech Lab x3  
  124  10:59  Widow Mine  
  124  11:04  Barracks Tech Lab, Supply Depot  
  124  11:07  Supply Depot  
  124  11:09  SCV  
  125  11:11  SCV  
  128  11:26  Stimpack  
  128  11:27  Combat Shield  
  128  11:28  Widow Mine  
  128  11:30  Marine x4  
  128  11:31  Marine  
  133  11:49  Marine  
  133  11:50  Marine x6  
  140  11:55  Medivac  
  142  12:07  Marine x3  
  142  12:08  Marine x4  
  143  12:25  Marine x4  
  143  12:26  Marine x3  
  145  12:43  Marine x5  
  145  12:44  Marine x2  
  133  13:01  Marine x6  
  133  13:02  Marine  
  136  13:18  Marine  
  136  13:19  Marine x6  
  143  13:28  Planetary Fortress  
  143  13:36  Marine x2  
  143  13:37  Marine x5  
  150  13:46  Terran Infantry Weapons Level 1  
  150  13:54  Marine x4  
  150  13:55  Marine x3  
  157  13:56  Medivac  
  159  14:11  Supply Depot  
  159  14:12  Marine x5  
  159  14:13  Marine x2  
  166  14:31  Marauder x3  
  172  14:33  Marauder  
  173  14:52  Marauder x3  
  167  14:54  Marauder  
  154  15:06  Marine x2  
  154  15:07  Marine  
  156  15:12  Siege Tank  
  156  15:13  Marauder  
  156  15:14  Marauder x2  
  166  15:16  Marauder  
  168  15:24  Marine x3  
  171  15:35  Marauder x3  
  177  15:37  Marine  
  177  15:40  Terran Infantry Armor Level 1  
  177  15:42  Marine x2  
  180  15:54  Supply Depot  
  180  16:01  Armory  
  180  16:04  Supply Depot  
  180  16:07  Supply Depot  
  180  16:12  Supply Depot  
  180  16:15  Marine x5, Siege Tank  
  180  16:16  Supply Depot  
  188  16:19  Missile Turret  
  188  16:20  Marine, Missile Turret x2  
  188  16:22  Marine  
  178  16:33  Marine x2, Orbital Command  
  178  16:37  Marine x2  
  178  16:38  Marine  
  184  16:40  Marine  
  180  16:48  Siege Tank  
  180  16:51  Marine, Marauder  
  186  16:55  Marine x2  
  186  16:56  Marine  
  186  16:58  Marine  
  162  17:09  Marine  
  162  17:12  Marine x2  
  162  17:13  Marine  
  162  17:14  Marine  
  148  17:16  Marine  
  148  17:20  Siege Tank  
  150  17:26  Marine  
  148  17:30  Marine x3  
  148  17:32  Marine  
  148  17:33  Marine  
  150  17:44  Marine  
  150  17:48  Marine x3  
  150  17:49  Marine  
  155  17:51  Marine  
  155  17:52  Siege Tank  
  159  18:02  Marine  
  134  18:06  Marine x3  
  134  18:07  Marine  
  134  18:09  Marine  
  114  18:20  Marine  
  114  18:23  Marine  
  114  18:24  Marine x2  
  114  18:25  Marine  
  114  18:27  Marine  
  114  18:33  Orbital Command  
  112  18:38  Marine  
  115  18:41  Marine  
  115  18:42  Marine x2  
  115  18:43  Marine  
  115  18:45  Marine  
  115  18:47  Widow Mine  
  118  18:53  Viking  
  118  18:55  Marine  
  118  18:59  Marine x3  
  118  19:01  Marine  
  123  19:02  Marine  
  115  19:13  Marine  
  98  19:17  Marine x3  
  98  19:18  Marine  
  98  19:20  Marine  
  85  19:31  Marine  
  85  19:32  Viking x3  
  85  19:35  Marine x3  
  85  19:36  Marine  
  85  19:38  Marine  
  82  19:49  Marine  
  75  19:52  Marine  
  75  19:53  Marine x2  
  75  19:54  Marine  
  75  19:56  Marine  
  77  20:02  Viking  
  77  20:07  Marine  
  79  20:10  Marine  
  79  20:11  Marine x2  
  79  20:12  Marine  
  79  20:14  Marine  
  64  20:24  Marine  
  53  20:28  Marine  
  53  20:29  Marine  
  53  20:32  Marine  
  51  20:46  Marine x2  
  49  20:50  Missile Turret  
  45  21:04  Marine  
  45  21:06  Marine  
  43  21:19  Raven x2  
  43  21:24  Marine, Missile Turret  
  52  21:32  Widow Mine  
  49  21:36  Missile Turret  
  49  21:42  Marine  
  43  22:05  Barracks  
  41  22:31  SCV  
  41  22:33  Command Center  
  40  22:44  SCV  
  41  22:52  Marine  
  41  22:56  SCV  
  43  23:08  SCV  
  43  23:10  Marine  
  43  23:20  SCV  
  44  23:28  Marine  
  45  23:46  Marine  
  46  24:03  Marine  
  46  24:07  Engineering Bay  
  39  25:56  Missile Turret  
  39  25:58  Missile Turret x3  
  39  25:59  Missile Turret  
  39  26:02  Missile Turret  
  30  26:14  Planetary Fortress  
  20  26:59  Missile Turret  
  20  27:14  Missile Turret  
  20  27:19  Barracks  
  20  27:23  Supply Depot  
  20  27:50  SCV  
  21  28:02  SCV  
  22  28:12  Missile Turret  
  22  28:14  SCV  
Show
View Real Time Build Order
Export as new Build Order

zidar Zerg - Winner!

Build Orders: Hatch First 

Get SALT Encoding   

  12  0:01  Drone  
  13  0:12  Overlord  
  13  0:17  Drone  
  14  0:31  Drone x2  
  16  0:53  Hatchery  
  16  0:55  Drone  
  16  0:59  Extractor  
  16  1:01  Drone  
  16  1:19  Spawning Pool  
  16  1:23  Drone  
  16  1:27  Drone  
  16  1:32  Drone  
  18  1:37  Drone  
  19  2:05  Queen  
  19  2:06  Queen  
  23  2:09  Zergling x4  
  23  2:11  Zergling x2  
  26  2:28  Roach Warren  
  25  2:31  Drone  
  25  2:33  Drone  
  25  2:34  Drone  
  28  2:49  Overlord x2  
  28  2:56  Metabolic Boost  
  28  3:08  Roach x3  
  34  3:20  Roach x2  
  34  3:25  Overlord  
  38  3:36  Lair  
  38  4:07  Drone x4  
  38  4:08  Drone x2  
  44  4:12  Overlord x2  
  44  4:13  Overlord  
  44  4:34  Evolution Chamber  
  44  4:37  Evolution Chamber  
  42  4:39  Glial Reconstitution  
  42  4:49  Drone x6  
  48  4:54  Extractor  
  48  4:58  Queen, Extractor  
  48  5:01  Extractor  
  48  5:06  Zerg Missile Weapons Level 1  
  47  5:10  Drone x5  
  47  5:11  Drone  
  53  5:15  Drone x2  
  54  5:32  Hatchery  
  54  5:34  Zerg Ground Armor Level 1  
  53  5:39  Queen  
  55  5:54  Drone x4  
  59  5:58  Drone x5  
  64  6:06  Overseer  
  64  6:10  Drone  
  65  6:12  Drone x2  
  67  6:21  Overlord  
  67  6:22  Overlord x2  
  67  6:53  Roach x12  
  91  7:12  Drone x5  
  91  7:13  Drone  
  91  7:15  Overlord x3  
  97  7:25  Pneumatized Carapace  
  97  7:28  Zerg Ground Armor Level 2  
  97  7:30  Zerg Melee Weapons Level 1  
  97  7:40  Baneling Nest  
  97  7:44  Roach x9  
  110  7:46  Ravager  
  110  7:47  Ravager x2  
  110  7:50  Overlord  
  117  8:13  Drone x7  
  117  8:14  Drone  
  125  8:22  Extractor  
  125  8:23  Extractor  
  125  8:24  Centrifical Hooks  
  123  8:35  Infestation Pit  
  123  8:36  Drone  
  123  8:37  Drone x2  
  123  8:38  Spire  
  124  8:49  Ravager x4  
  111  10:02  Mutalisk x9  
  129  10:10  Overseer  
  120  10:45  Mutalisk  
  120  10:48  Zergling x2  
  123  10:51  Overlord x5  
  123  10:56  Hive  
  123  11:09  Hatchery  
  122  11:17  Drone  
  122  11:18  Drone x3  
  126  11:34  Queen  
  128  11:42  Hatchery  
  127  12:35  Corruptor  
  127  12:36  Corruptor x4  
  135  12:37  Corruptor  
  135  12:38  Roach x6  
  122  13:27  Zerg Ground Armor Level 3  
  122  13:31  Greater Spire  
  122  13:48  Extractor  
  121  13:50  Extractor  
  121  13:52  Corruptor  
  121  13:53  Corruptor x2  
  121  13:54  Corruptor x2  
  130  14:00  Drone x7  
  137  14:19  Adrenal Glands  
  123  14:58  Brood Lord  
  123  14:59  Brood Lord x3  
  129  15:01  Brood Lord  
  129  15:02  Hatchery  
  130  15:07  Hatchery  
  130  15:08  Extractor  
  130  15:09  Extractor  
  130  15:10  Corruptor x2  
  130  15:12  Zergling x2  
  132  15:14  Overlord x3  
  132  15:22  Overlord  
  132  16:02  Corruptor x3  
  138  16:04  Zerg Melee Weapons Level 2  
  138  16:11  Queen  
  88  17:21  Roach x18  
  88  17:22  Roach x4  
  98  17:51  Brood Lord  
  98  17:53  Brood Lord  
  98  17:56  Corruptor  
  98  17:57  Corruptor x2  
  96  18:18  Brood Lord  
  98  18:35  Mutalisk  
  100  18:57  Roach x11  
  104  19:25  Roach x2  
  104  19:26  Roach x4  
  106  20:02  Roach x7  
  88  20:41  Roach  
  88  20:42  Roach x5  
  90  21:16  Brood Lord  
  88  21:19  Roach  
  88  21:20  Roach x3  
  83  24:19  Brood Lord  
  71  26:14  Overseer  
  63  26:49  Drone x3  
  63  26:53  Drone x3  
  69  27:25  Ravager  
  69  27:26  Ravager  
  69  27:28  Ravager  
  69  27:29  Ravager  
Tags
 
Matchup
TvZ
Spawn Locations
Close Positions
Add a new tag
Caveats
  • Supply blocks, unpowered buildings, or Contaminate may cause inaccurate times.
  • Supply counts are checked every 10 seconds.